 Dungeon Crawl Stone Soup version 0.30-a0-1094-g860fb061e7 (webtiles) character file.

Game seed: 17681895376137060665

49 Esekla the Sneak (level 3, 26/26 HPs)
             Began as an Octopode Delver on Apr 17, 2023.
             Quit the game on level 5 of the Dungeon.
             The game lasted 00:02:32 (190 turns).

Esekla the Sneak (Octopode Delver)                   Turns: 190, Time: 00:02:32

Health: 26/26      AC:  1    Str: 11    XL:     3   Next: 77%
Magic:  3/3        EV: 13    Int: 14    God:
Gold:   24         SH:  0    Dex: 13    Spells: 2/2 levels left

rFire   . . .      SeeInvis .    a - +0 falchion
rCold   . . .      Faith    .    (no shield)
rNeg    . . .      Spirit   .    (helmet restricted)
rPois   .          Reflect  .    (no amulet)
rElec   .          Rampage  .    (no ring)
rCorr   .                        (no ring)
Will    .....                    (no ring)
Stlth   +++++                    (no ring)
HPRegen 0.24/turn                (no ring)
MPRegen 0.08/turn                (no ring)
                                 (no ring)
                                 (no ring)

@: no status effects
A: almost no armour, amphibious, 8 rings, camouflage 1, gelatinous body 1,
(nimble swimmer 1), tentacles
a: no special abilities


You were on level 5 of the Dungeon.
You visited 1 branch of the dungeon, and saw 1 of its levels.

You collected 24 gold pieces.

Inventory:

Hand Weapons
 a - a +0 falchion (weapon)
 d - a +0 dagger
 g - a +0 dagger
Missiles
 h - 5 javelins (quivered)
Wands
 f - a wand of digging (3)
Scrolls
 b - a scroll of fog
 c - a scroll of identify {unknown}
 i - a scroll of fear
Potions
 e - a potion of haste


   Skills:
 * Level 3.3 Fighting
 * Level 2.2 Long Blades
 * Level 2.1 Dodging
 + Level 7.7 Stealth
 * Level 0.1 Spellcasting


You had 2 spell levels left.
You didn't know any spells.
Your spell library was empty.

Dungeon Overview and Level Annotations

Branches:
Dungeon (5/15)
 Temple: D:4-7

Altars:
Qazlal


Innate Abilities, Weirdness & Mutations

You cannot wear most types of armour.
You are amphibious.
You can wear up to eight rings at the same time.
Your skin changes colour to match your surroundings (Stealth+).
Your rubbery body absorbs attacks. (AC +1, EV +1)
((You are camouflaged when in or above water. (Stealth+)))
You have tentacles for arms and can constrict up to eight enemies at once.


Message History

The orc misses you.
You hit the orc.
You kill the orc!
You hit the orc. You grab the orc. You squeeze the orc.
The orc is severely wounded.
You constrict the orc, but do no damage.
The orc struggles to escape constriction.
The orc barely misses you.
You hit the orc.
You kill the orc!
You hit the orc but do no damage. Your grab misses the orc.
You squeeze the orc!
You kill the orc!
Items here: ))) [[ †.
Okay, then.
d - a +0 dagger
h - 5 javelins (gained 1)
Items here: )) [ ††.
Okay, then.
Items here: )) [ ††.
Found a scroll of fear.
g - a +0 dagger (weapon)
You hit the orc. You grab the orc.
The orc is heavily wounded.
You constrict the orc. The orc hits you with a +0 whip.
a - a +0 falchion (weapon)
You constrict the orc, but do no damage.
The orc closely misses you.
You hit the orc.
You kill the orc!
Things that are here:
a +0 whip; an orc corpse A gnoll comes into view.
It is wielding a +0 halberd.
You see here a staff of conjuration.
Found a gold wand.
You see here a scroll of fear.
i - a scroll of fear
Found a stormy altar of Qazlal.
A phantom comes into view.
Are you sure you want to abandon this character and quit the game? (Confirm with "yes".)

,,+,,,,,,,,,,,*****
**,,,,*
,,+,,,,,,,,,,,,,,.#
****,**
,,*,,,**********#.# *,,*
*,***** #.# **,*** ****
###.### *,,,, #°....#
*,,,, ###.....### *,..,
#.W.._....# #....
*#.#.@...#.#######S...
#.,#☼...○#.##.....#...
#,*###.###.##.....#,..
****,***#.....##..../#*#.
*,,,,,,,##....##....####.
*,*****,*##...##.........
*,* *,*##...##.........
***,* *,*#...............
*,,,* *,*#....##.#.......


You could see a phantom.

Vanquished Creatures
  An orc priest (D:5)
  An adder (D:5)
  5 orcs (D:5)
7 creatures vanquished.

Notes
Turn   | Place    | Note
-------+----------+-------------------------------------------
     0 | D:5      | Esekla the Octopode Delver began the quest for the Orb.
     0 | D:5      | Reached XP level 1. HP: 16/16 MP: 1/1
    29 | D:5      | Noticed an orc priest
    76 | D:5      | Noticed an ice beast
    78 | D:5      | Noticed a water moccasin
    93 | D:5      | Reached skill level 7 in Stealth
    93 | D:5      | Reached XP level 2. HP: 15/21 MP: 2/2
    96 | D:5      | Noticed a centaur
   131 | D:5      | Reached XP level 3. HP: 23/26 MP: 3/3
   184 | D:5      | Found a stormy altar of Qazlal.
   188 | D:5      | Noticed a phantom
   190 | D:5      | Quit the game

Illustrated notes

Levels and vault maps discovered:
D:5:      layout_basic, grunt_qazlal_clouds, gammafunk_ghost_necromancy,
          kennysheep_generic_room_10

Skill      XL: |  1 |
---------------+----+-----
Stealth        | 7 |  7.7
Fighting       | |  3.3
Long Blades    | |  2.2
Dodging        | |  2.1
Spellcasting   | |  0.1

Action                     || total
---------------------------++-------
  Melee: Falchion          ||    16
         Constrict         ||     4
         Tentacles         ||     3
         Dagger            ||     1
  Throw: Javelin           ||     1
    Use: Scroll            ||     2
 Armour: Skin              ||     1
  Dodge: Dodged            ||    10

Table legend: (Time is in decaauts)
 A = Elapsed time spent in this place.
 B = Non-inter-level travel time spent in this place.
 C = Inter-level travel time spent in this place.
 D = Time resting spent in this place.
 E = Time spent auto-exploring this place.
 F = Levels seen in this place.
 G = Mean time per level.
                   A        B        C        D        E       F      G
               +--------+--------+--------+--------+--------+-----+--------+
         Total |    192 |    192 |      0 |      4 |      0 |   1 |  192.0 |
       Dungeon |    192 |    192 |      0 |      4 |      0 |   1 |  192.0 |
               +--------+--------+--------+--------+--------+-----+--------+

Top non-repeatable levels by time:
     D:5: 192 daAuts
